AoeStats
← Aegis266

Arabia

506073959Analyzed
1v1 RM · 20d ago on Sep 12, 2026· 10m 52s· 2 players
Game mode
Random Map
Map size
Tiny (2 player)
Population
200
Speed
Normal
Resources
Standard
Victory
Conquest
Starting age
Dark Age
Ending age
Imperial Age
RankedLock teamsTeams togetherTeam positionsShared explorationLock speedFull tech treeHidden civsTurbo modeCheats
Victory
Defeat
🇩🇪 Inca · Germany
1609
+11
🇺🇸 Koreans · United States
1486
-11
ticklpickl
7:15 Loom
9:28 Feudal Age
9:59 Double-Bit Axe
10:13 Gold Mining
Aegis266
5:56 Loom
9:18 Feudal Age
9:47 Double-Bit Axe
9:39 Champi Runner
10:25 Horse Collar
Connection lost

Rejoining the realm…

Still unreachable

The connection could not be restored.

Session expired

The server has moved on; the page needs a fresh start.